 Dungeon Crawl Stone Soup version 0.21.1-1-g345015f (webtiles) character file.

592 sekgin the Cudgeler (level 7, 0/67 HPs)
             Began as a Troll Fighter on June 1, 2018.
             Was a Follower of Yredelemnul.
             Slain by Dublek's ghost (10 damage)
             ... on level 4 of the Dungeon.
             The game lasted 00:18:52 (2547 turns).

sekgin the Cudgeler (Troll Fighter)                 Turns: 2547, Time: 00:18:52

Health: 0/67       AC:  5    Str: 32    XL:     7   Next: 16%
Magic:  15/15      EV:  9    Int:  4    God:    Yredelemnul [*.....]
Gold:   145        SH: 10    Dex:  7    Spells: 6/6 levels left

rFire    . . .     SeeInvis .   a - +0 flail
rCold    . . .     Gourm    +   c - +0 shield
rNeg     . . .     Faith    .   b - +0 robe
rPois    .         Spirit   .   (helmet restricted)
rElec    .         Reflect  .   (no cloak)
rCorr    .         Harm     .   (gloves unavailable)
MR       .....                  (boots unavailable)
Stlth    +.........             m - amulet of magic regeneration
HPRegen  0.61/turn              g - -2 ring of dexterity (curse)
MPRegen  0.39/turn              l - ring of magical power

@: mighty
A: large, unfitting armour, claws 3, fast metabolism 3, gourmand, regeneration
1, shaggy fur 1, tough skin 2
a: Animate Remains, Renounce Religion


You were on level 4 of the Dungeon.
You worshipped Yredelemnul.
Yredelemnul was aware of your devotion.
You were not hungry.

You visited 1 branch of the dungeon, and saw 4 of its levels.

You collected 145 gold pieces.

Inventory:

Hand Weapons
 a - a +0 flail (weapon)
 u - a +2 whip of freezing
Missiles
 h - 15 poisoned needles
 p - 3 javelins (quivered)
Armour
 b - a +0 robe (worn)
 c - a +0 shield (worn)
 x - a +1 robe of the Archmagi
Jewellery
 g - a cursed -2 ring of dexterity (left claw)
 l - a ring of magical power (right claw)
 m - an amulet of magic regeneration (around neck)
 q - a +1 ring of protection {unknown}
Scrolls
 e - 7 scrolls of teleportation {unknown}
 i - 3 scrolls of identify {unknown}
 j - a scroll of enchant armour {unknown}
 k - 6 scrolls of remove curse {unknown}
 o - 2 scrolls of immolation {unknown}
 r - 2 scrolls of amnesia {unknown}
 t - 3 scrolls of fog {unknown}
Potions
 d - a potion of might
 n - a potion of ambrosia {unknown}
 s - a potion of haste {unknown}
 v - a potion of degeneration {unknown}
 w - a potion of curing
Comestibles
 f - 7 rations


   Skills:
 + Level 3.4 Fighting
 + Level 4.9 Maces & Flails
 + Level 0.6 Throwing
 + Level 3.4 Dodging
 + Level 3.9 Shields


You had 6 spell levels left.
You didn't know any spells.

Dungeon Overview and Level Annotations

Branches:
Dungeon (4/15)
 Temple: D:4-7

Altars:
Ashenzari
Cheibriados
Qazlal
Vehumet
Xom
Yredelemnul

Annotations:
D:4 Dublek's ghost, weakling BaFi


Innate Abilities, Weirdness & Mutations

You are too large for most types of armour.
You have claws for hands.
Your metabolism is lightning-fast.
You like to eat raw meat.
Your natural rate of healing is unusually fast.
You are covered in fur. (AC +1)
You have very tough skin. (AC +2)


Message History

You block Dublek's ghost's attack.
You are too injured to fight recklessly!
You sock Dublek's ghost!
Dublek's ghost is moderately damaged.
Dublek's ghost hits you.
* * * LOW HITPOINT WARNING * * *
You sock Dublek's ghost!
Dublek's ghost is severely damaged.
Dublek's ghost barely misses you.
You barely miss Dublek's ghost.
Dublek's ghost is severely damaged.
Dublek's ghost hits you!
* * * LOW HITPOINT WARNING * * *
You block Dublek's ghost's attack.
You hit Dublek's ghost.
Dublek's ghost is severely damaged.
You block Dublek's ghost's attack. Dublek's ghost hits you!
You die...
Your body rises from the dead as a mindless zombie.

..............# ..
..........p.# ...
...†....# ....
#......# ...# #.# .#
. ... #?##.# ...#
...##.###..#p# #..#
#..<....##Wo.# #..##
#.####...@..## #...
#....#.# #..#
##.#...## ##..#
###......### ##...#
.((.........# #....#
######..#...###..#.##
#...........#..###
###.....p..###....
#......#.# #####


You could see Dublek's ghost, an orc and a neutral freed slave (wandering).

Vanquished Creatures
  Pikel (D:4)
  An iguana (D:4)
  A worker ant (D:4)
  3 adders
  5 worms
  4 dart slugs
  A leopard gecko (D:1)
  5 giant cockroaches
  6 goblins
  6 hobgoblins
  3 jackals (D:2)
  5 kobolds
  2 quokkas (D:3)
  7 bats
  3 frilled lizards
  6 rats
59 creatures vanquished.

Vanquished Creatures (others)
  Natasha (D:4)
  An adder (D:4)
2 creatures vanquished.

Grand Total: 61 creatures vanquished

Notes
Turn   | Place    | Note
-------+----------+-------------------------------------------
     0 | D:1      | sekgin the Troll Fighter began the quest for the Orb.
     0 | D:1      | Reached XP level 1. HP: 22/22 MP: 0/0
   200 | D:1      | Reached XP level 2. HP: 29/29 MP: 1/1
   663 | D:1      | Reached skill level 2 in Maces & Flails
  1050 | D:2      | Reached XP level 3. HP: 35/36 MP: 2/2
  1126 | D:2      | Found a shimmering altar of Xom.
  1152 | D:2      | Found a basalt altar of Yredelemnul.
  1154 | D:2      | Found a shattered altar of Ashenzari.
  1191 | D:2      | Became a worshipper of Yredelemnul the Dark
  1272 | D:2      | Found a snail-covered altar of Cheibriados.
  1885 | D:3      | Reached XP level 4. HP: 41/44 MP: 3/3
  1943 | D:3      | Found a radiant altar of Vehumet.
  1953 | D:3      | Reached * piety under Yredelemnul
  2021 | D:3      | Found a stormy altar of Qazlal.
  2094 | D:3      | Found a shattered altar of Ashenzari.
  2499 | D:4      | Reached skill level 3 in Maces & Flails
  2509 | D:4      | Noticed a slave
  2510 | D:4      | Noticed a slave
  2511 | D:4      | Noticed Pikel
  2512 | D:4      | Noticed a slave
  2517 | D:4      | Noticed Natasha
  2524 | D:4      | Noticed a slave
  2526 | D:4      | Killed Pikel
  2526 | D:4      | Reached skill level 4 in Maces & Flails
  2526 | D:4      | Reached XP level 5. HP: 44/53 MP: 4/4
  2526 | D:4      | Reached XP level 6. HP: 50/61 MP: 5/5
  2526 | D:4      | Reached XP level 7. HP: 55/67 MP: 6/6
  2531 | D:4      | Noticed Dublek's ghost (weakling BaFi)
  2532 | D:4      | Killed Natasha
  2547 | D:4      | Slain by Dublek's ghost

Skill      XL: |  1  2  3  4 |
---------------+-------------+-----
Maces & Flails | 2 4 |  4.9
Shields        | 3 |  3.9
Fighting       | 3 |  3.4
Dodging        | 3 |  3.4
Throwing       | |  0.6

Action                   |  1- 3 |  4- 6 |  7- 9 || total
-------------------------+-------+-------+-------++-------
Melee: Flail             |   153 |    91 |    13 ||   257
Throw: Javelin           |       |     4 |       ||     4
  Use: Potion            |       |     2 |       ||     2
  Eat: Chunk             |    18 |     3 |       ||    21
       Ration            |     1 |       |       ||     1
Armor: Robe              |    63 |    38 |     2 ||   103
Dodge: Dodged            |    61 |    26 |     3 ||    90
Block: Shield            |    86 |    49 |     5 ||   140
